 Dungeon Crawl Stone Soup version 0.31.0-9-g3a7656b989 (webtiles) character file.

Game seed: 16215006486351310448

106 qw the Shooter (level 4, 0/23 HPs)
             Began as a Spriggan Hunter on Feb 2, 2024.
             Frozen to death by an endoplasm (2 damage)
             ... on level 3 of the Dungeon.
             The game lasted 00:00:08 (2409 turns).

qw the Shooter (Spriggan Hunter)                    Turns: 2409, Time: 00:00:09

Health: 0/23       AC:  2    Str:  5 (7)  XL:     4   Next: 55%
Magic:  5/5        EV: 24    Int:  9 (10) God:
Gold:   164        SH:  0    Dex: 17 (20) Spells: 3/3 levels left

rFire   . . .        a - +0 shortbow (heavy)
rCold   . . .        (shield currently unavailable)
rNeg    . . .        c - +0 robe
rPois   .            (helmet restricted)
rElec   .            (no cloak)
rCorr   .            (gloves unavailable)
SInv    +            (boots unavailable)
Will    .....        (no amulet)
Stlth   ++           b - +5 ring of evasion
HPRegen 0.23/turn    (no ring)
MPRegen 0.09/turn

%: no passive effects
@: very quick
A: very small, no large weapons, unfitting armour, see invisible, speed 3
a: no special abilities


You were on level 3 of the Dungeon.
You visited 1 branch of the dungeon, and saw 4 of its levels.

You collected 164 gold pieces.


Innate Abilities, Weirdness & Mutations

You are very small and have problems with some larger weapons.
You are too small for most types of armour.
You have supernaturally acute eyesight. (SInv)
You cover ground extremely quickly. (Speed+++)


   Skills:
 + Level 1.6 Fighting
 - Level 5.0 Ranged Weapons
 - Level 5.0 Dodging
 - Level 1.5 Stealth


You had 3 spell levels left.
You didn't know any spells.
Your spell library was empty.

Inventory:

Hand Weapons
 a - a +0 heavy shortbow (weapon)
Armour
 c - a +0 robe (worn)
Jewellery
 b - a +5 ring of evasion (left hand)
Potions
 e - a potion of resistance
 g - a potion of curing
 i - a potion of enlightenment {unknown}

Dungeon Overview and Level Annotations

Branches:
Dungeon (4/15)
 Temple: D:4-7

Altars:


Message History

The ball python misses you. The ball python constricts you.
The iguana barely misses you. The ball python misses you.
The ball python constricts you.
You shoot an arrow. The arrow hits the ball python!!
You kill the ball python!
The endoplasm completely misses you. The iguana barely misses you.
The iguana closely misses you. The endoplasm freezes you.
You are frozen.
2403 ||| STAIRDANCE The iguana closely misses you.
The endoplasm completely misses you.
The bombardier beetle sprays incendiary fluid at you.
The burning spray misses you.
You climb upwards.
There is a stone staircase leading down here.
You shoot an arrow. The arrow hits the iguana.
The iguana is moderately wounded.
The endoplasm freezes you.
You are frozen.
The iguana completely misses you. The endoplasm freezes you.
You are frozen.
The iguana completely misses you.
You shoot an arrow. The arrow hits the iguana.
The iguana is severely wounded.
The endoplasm completely misses you. The iguana closely misses you.
The endoplasm freezes you.
You are frozen.
The iguana completely misses you.
You shoot an arrow. The arrow hits the iguana.
The iguana is severely wounded.
The endoplasm misses you. The iguana closely misses you.
You shoot an arrow.
The arrow hits the iguana but does no damage.
The iguana is severely wounded.
The endoplasm completely misses you. The iguana misses you.
The endoplasm freezes you.
You are frozen.
The iguana bites you!
You shoot an arrow. The arrow hits the iguana!
You kill the iguana!
The endoplasm freezes you.
You are frozen.
You die...

.#.#.........#.......#
.#.#.##..#.####.####.#
.#.#.##..#..###.# #.####
##.#.........##.# #....#
.....###..#..##<# #.####
#.<.............####.#
#+##+##.........#....#
...............J%....#
....^...........@..#.####
.......#.....##.#..#....#
.......#.....##.#..####.#
.......#.....##.#######.#
.......#...[.##........!#
.......#.....############
.......#.....#
.......#.....#
.......#######


You could see an endoplasm.

Vanquished Creatures
  A sleepcap (D:3)
  An iguana (D:3)
  2 adders
  2 ribbon worms (D:2)
  An orc (D:3)
  5 endoplasms
  A giant cockroach (D:2)
  7 goblins
  6 hobgoblins
  3 jackals (D:2)
  4 kobolds
  2 quokkas
  9 ball pythons
  2 bats
  5 frilled lizards
  4 rats
55 creatures vanquished.

Notes
Turn   | Place    | Note
-------+----------+-------------------------------------------
     0 | D:1      | qw the Spriggan Hunter began the quest for the Orb.
     0 | D:1      | Reached XP level 1. HP: 10/10 MP: 2/2
     0 | D:1      | 0 ||| qw: Version: 0.3-a-155-g5e7d8dd
     0 | D:1      | 0 ||| qw: Game counter: 1334
     0 | D:1      | 0 ||| qw: Melee chars always use a shield: true
     0 | D:1      | 0 ||| qw: God list: Okawaru
     0 | D:1      | 0 ||| qw: Allow faded altars: false
     0 | D:1      | 0 ||| qw: Do Orc after clearing Dungeon:15 true
     0 | D:1      | 0 ||| qw: Do second Lair branch before Depths: true
     0 | D:1      | 0 ||| qw: Lair rune preference: random
     0 | D:1      | 0 ||| qw: Goals: Normal
     0 | D:1      | 0 ||| PLANNING D:1-11
    79 | D:1      | Reached skill level 3 in Dodging
   141 | D:1      | Reached XP level 2. HP: 14/14 MP: 3/3
  1049 | D:1      | 1049 ||| READING scroll labelled OWNUUSTR SIOD.
  1050 | D:1      | 1050 ||| READING scroll labelled KICORO PONURE.
  1055 | D:1      | 1055 ||| READING scroll labelled NIEPPU HIL.
  1056 | D:1      | 1056 ||| DROPPING scroll of butterflies.
  1208 | D:2      | Reached XP level 3. HP: 18/18 MP: 4/4
  1772 | D:2      | 1772 ||| UPGRADING to +5 ring of evasion.
  1773 | D:2      | 1773 ||| READING scroll labelled IMUYSO EPLUET.
  1774 | D:2      | 1774 ||| READING scroll labelled XEFEETHORI.
  1774 | D:2      | 1774 ||| BRANDING +0 shortbow.
  1775 | D:2      | 1775 ||| READING scroll labelled NAOFYRHU OTEFE.
  1775 | D:2      | 1775 ||| IDENTIFYING grey potion
  1847 | D:3      | HP: 3/18 [sleepcap (9)]
  1848 | D:3      | 1848 ||| READING scroll of teleportation.
  1850 | D:3      | Reached XP level 4. HP: 4/22 MP: 5/5
  2386 | D:3      | 2386 ||| READING scroll of identify.
  2386 | D:3      | 2386 ||| IDENTIFYING sedimented dark potion
  2387 | D:3      | 2387 ||| DRINKING 3 cyan potions.
  2388 | D:3      | 2388 ||| DROPPING 2 potions of degeneration.
  2400 | D:4      | 2400 ||| STAIRDANCE
  2403 | D:4      | 2403 ||| STAIRDANCE
  2408 | D:3      | HP: 2/23 [iguana (7)]
  2409 | D:3      | Frozen to death by an endoplasm

Levels and vault maps discovered:
D:1:      roadster_arrival_rocket_large, layout_basic, serial_forest,
          infiniplex_forest_lined_room_2, infiniplex_forest_clump_diagonal,
          infiniplex_forest_end_3, infiniplex_forest_clump_C,
          infiniplex_forest_split, infiniplex_forest_corner_2,
          infiniplex_forest_straight_2, infiniplex_forest_end_1,
          infiniplex_forest_end_double
D:2:      layout_loops_ring, minivault_4, minmay_unequal
D:3:      layout_basic, kennysheep_path_1
D:4:      layout_cave_pools, gammafunk_ghost_smash

Skill      XL: |  1  2  3  4 |
---------------+-------------+-----
Dodging        | 3 4 5 |  5.0
Ranged Weapons | 5 |  5.0
Fighting       | |  1.6
Stealth        | |  1.5

Action                     |  1- 3 |  4- 6 || total
---------------------------+-------+-------++-------
   Fire: Shortbow          |   105 |    26 ||   131
    Use: Scroll            |     7 |     1 ||     8
         Potion            |       |     1 ||     1
 Armour: Robe              |     9 |     3 ||    12
  Dodge: Dodged            |    21 |    30 ||    51

Table legend:
 A = Non-vault XP
 B = Vault XP
 C = Vault XP percentage of total XP
 D = Non-vault monster count
 E = Vault monster count
 F = Vault count percentage of total count
                 A         B        C        D         E       F
            +---------+---------+-------+---------+---------+-------
      Total |     179 |       8 |   4.3 |      51 |       4 |   7.3
            +---------+---------+-------+---------+---------+-------
        D:1 |      28 |       0 |   0.0 |      17 |       0 |   0.0
        D:2 |      47 |       8 |  14.5 |      19 |       4 |  17.4
        D:3 |     103 |       0 |   0.0 |      14 |       0 |   0.0
        D:4 |       1 |       0 |   0.0 |       1 |       0 |   0.0
            +---------+---------+-------+---------+---------+-------
